 Dungeon Crawl Stone Soup version 0.25-a0-443-gece2dee (webtiles) character file.

Game seed: 13073088392650230805, levelgen mode: deterministic

205 ArcanElement the Magician (level 5, -1/31 HPs)
             Began as a Deep Elf Wizard on Jan 30, 2020.
             Slain by an ogre
             ... wielding a +0 giant club
              (32 damage)
             ... on level 4 of the Dungeon.
             The game lasted 00:07:55 (4267 turns).

ArcanElement the Magician (Deep Elf Wizard)         Turns: 4267, Time: 00:07:55

Health: -1/31      AC:  2    Str:  4    XL:     5   Next: 52%
Magic:  8/15       EV: 14    Int: 24    God:
Gold:   187        SH:  0    Dex: 13    Spells: 3/16 levels left

rFire    + . .     SeeInvis .   o - +0 short sword (drain)
rCold    + . .     Gourm    .   (no shield)
rNeg     + . .     Faith    .   a - +0 robe
rPois    .         Spirit   .   (no helmet)
rElec    .         Reflect  .   q - scarf {rC+ rF+}
rCorr    .         Harm     .   (no gloves)
MR       .....                  (no boots)
Stlth    ++........             (no amulet)
HPRegen  0.10/turn              (no ring)
MPRegen  0.14/turn              u - ring of positive energy

@: no status effects
A: no striking features
a: no special abilities


You were on level 4 of the Dungeon.
You were very hungry.

You visited 1 branch of the dungeon, and saw 4 of its levels.

You collected 187 gold pieces.

Inventory:

Hand Weapons
 b - a +0 dagger
 i - a +0 spear
 o - a +0 short sword of draining (weapon)
Missiles
 t - 22 arrows
Armour
 a - a +0 robe (worn)
 q - a scarf of resistance (worn)
Jewellery
 u - a ring of positive energy (right hand)
Scrolls
 c - a scroll of fear
 e - a scroll of remove curse
 f - a scroll of amnesia
 h - a scroll of teleportation
 l - a scroll of immolation {unknown}
 p - a scroll of enchant weapon {unknown}
 r - a scroll of fog {unknown}
 v - a scroll of magic mapping {unknown}
 y - a scroll of noise {unknown}
Potions
 g - a potion of ambrosia
 j - a potion of flight {unknown}
 k - 2 potions of haste {unknown}
 m - 2 potions of might {unknown}
 s - a potion of agility {unknown}
 w - a potion of cancellation {unknown}
 x - a potion of brilliance {unknown}
 z - a potion of resistance {unknown}
Comestibles
 d - 8 rations


   Skills:
 + Level 2.3 Fighting
 + Level 4.4 Dodging
 - Level 2.4 Stealth
 + Level 6.1 Spellcasting
 - Level 1.1 Conjurations
 - Level 1.1 Summonings
 - Level 1.1 Translocations


You had 3 spell levels left.
You knew the following spells:

 Your Spells              Type           Power        Failure   Level  Hunger
a - Magic Dart            Conj           ##..         4%          1    None
b - Blink                 Tloc           N/A          8%          2    None
c - Call Imp              Summ           ##......     8%          2    None
d - Slow                  Hex            #.......     12%         2    None
e - Mephitic Cloud        Conj/Pois/Air  #.......     21%         3    #......
f - Conjure Flame         Conj/Fire      ##......     19%         3    #......

Your spell library contained the following spells:

 Spells                   Type           Power        Failure   Level  Hunger


Dungeon Overview and Level Annotations

Branches:
Dungeon (4/15)
 Temple: D:4-7

Altars:
Gozag
Hepliaklqana
Kikubaaqudgha
Okawaru
Ru
Uskayaw
Zin
The Shining One


Message History

The ogre is lightly wounded.
Casting: Magic Dart (safe; 4% risk of failure)
Confirm with . or Enter, or press ? or * to list all spells.
The fire begins to smolder!
The fire ignites!
Casting: Conjure Flame (safe; 19% risk of failure)
Confirm with . or Enter, or press ? or * to list all spells.
Aiming: Mephitic Cloud (safe; 21% risk of failure)
Press: ? - help, Shift-Dir - straight line, f/p - ogre
Aim: an ogre, wielding a +0 giant club (lightly wounded)
The ball explodes into a vile cloud!
The stinking cloud engulfs the ogre but does no damage.
The ogre is lightly wounded.
The ogre is engulfed in noxious fumes.
You hit the ogre but do no damage.
The ogre is moderately wounded.
The ogre is engulfed in blazing flames.
The ogre hits you with a +0 giant club!!
Ouch! That really hurt!
You die...

#......#.....#.....#....
#####......#################
#...#.......................
#...#.......................
#...#.......>...............
#...#......................)
###'#.....................).
######......#'####☼○...######'###
.....#......'...@O○○...#.........
.....#......#....#○○...#.........
.....#......#....#.....#.........
##..<#......######.....####...###
##...####.....# ##O..... ######.
.#......#.....# #...... #..
.#......'.....# ...... #..
.#......#.....# ...... #..
.#......#.....# #..


You could see an ogre.

Vanquished Creatures
  An orc wizard (D:4)
  A worker ant (D:4)
  An adder skeleton (D:4)
  A dart slug (D:1)
  A leopard gecko (D:2)
  4 orcs
  4 bats
  5 giant cockroaches
  5 goblins
  5 hobgoblins
  A jackal (D:3)
  A quokka (D:2)
  A frilled lizard (D:2)
  8 kobolds
  A leopard gecko skeleton (D:4)
  A quokka skeleton (D:4)
  7 rats
48 creatures vanquished.

Vanquished Creatures (collateral kills)
  A phantom (D:4)
  2 adders (D:2)
  An ooze (D:4)
  A worm (D:4)
  A leopard gecko (D:3)
  5 orcs
  A jackal (D:3)
  A bat (D:2)
13 creatures vanquished.

Grand Total: 61 creatures vanquished

Notes
Turn   | Place    | Note
-------+----------+-------------------------------------------
     0 | D:1      | ArcanElement the Deep Elf Wizard began the quest for the
                  | Orb.
     0 | D:1      | Reached XP level 1. HP: 10/10 MP: 7/7
   202 | D:1      | Reached XP level 2. HP: 12/16 MP: 2/9
   214 | D:1      | Learned a level 2 spell: Blink
   217 | D:1      | Learned a level 2 spell: Call Imp
   220 | D:1      | Learned a level 2 spell: Slow
  1053 | D:2      | Reached skill level 1 in Fighting
  1101 | D:2      | Reached skill level 5 in Spellcasting
  1101 | D:2      | Reached XP level 3. HP: 13/20 MP: 2/11
  1264 | D:2      | Learned a level 3 spell: Mephitic Cloud
  1919 | D:2      | Found an ancient bone altar of Kikubaaqudgha.
  2158 | D:2      | Found an iron altar of Okawaru.
  2244 | D:2      | Found a hazy altar of Hepliaklqana.
  2247 | D:2      | Found a glowing golden altar of the Shining One.
  2479 | D:3      | Found a hide-covered altar of Uskayaw.
  2769 | D:3      | Reached XP level 4. HP: 21/25 MP: 1/13
  3214 | D:4      | Noticed a phantom
  3531 | D:4      | Found a sacrificial altar of Ru.
  3560 | D:4      | Learned a level 3 spell: Conjure Flame
  3768 | D:4      | Killed a phantom
  3768 | D:4      | Reached skill level 6 in Spellcasting
  3768 | D:4      | Reached XP level 5. HP: 22/30 MP: 0/15
  3978 | D:4      | Found a glowing golden altar of the Shining One.
  4073 | D:4      | Found a glowing silver altar of Zin.
  4074 | D:4      | Found an opulent altar of Gozag.
  4258 | D:4      | Noticed an ogre
  4267 | D:4      | Slain by an ogre

Levels and vault maps discovered:
D:1:      lemuel_arrival_muddy, layout_loops_ring
D:2:      layout_loops_ring, lemuel_coloured_pillars_altar,
          minmay_overflow_temple_star_quad
D:3:      layout_loops_corners, eat_drink_and_be_merry_uskayaw,
          small_statue_alley_b
D:4:      layout_gridville, grunt_temple_overflow_gold_and_silver,
          nicolae_ru_sacrificial_ziggurat, first_ration, tso_metal_star

Skill      XL: |  1  2  3  4 |
---------------+-------------+-----
Dodging        | 3 4 |  4.4
Fighting       | 1 2 |  2.3
Spellcasting   | 5 6 |  6.1
Stealth        | |  2.4
Conjurations   | |  1.1
Summonings     | |  1.1
Translocations | |  1.1

Action                   |  1- 3 |  4- 6 || total
-------------------------+-------+-------++-------
Melee: Dagger            |     7 |       ||     7
       Unarmed           |     2 |       ||     2
       Short sword       |     7 |    23 ||    30
 Cast: Magic Dart        |   106 |    59 ||   165
       Call Imp          |    11 |    10 ||    21
       Mephitic Cloud    |     1 |     2 ||     3
       Conjure Flame     |       |     4 ||     4
  Use: Scroll            |     8 |     1 ||     9
       Potion            |       |     1 ||     1
 Stab: Sleeping          |     2 |       ||     2
       Confused          |       |     2 ||     2
  Eat: Chunk             |     5 |     4 ||     9
Armor: Robe              |     7 |     1 ||     8
Dodge: Dodged            |    42 |    18 ||    60

Table legend:
 A = Non-vault XP
 B = Vault XP
 C = Vault XP percentage of total XP
 D = Non-vault monster count
 E = Vault monster count
 F = Vault count percentage of total count
                 A         B        C        D         E       F
            +---------+---------+-------+---------+---------+-------
      Total |     293 |       0 |   0.0 |      61 |       0 |   0.0
            +---------+---------+-------+---------+---------+-------
        D:1 |      32 |       0 |   0.0 |      19 |       0 |   0.0
        D:2 |      52 |       0 |   0.0 |      20 |       0 |   0.0
        D:3 |      16 |       0 |   0.0 |       9 |       0 |   0.0
        D:4 |     193 |       0 |   0.0 |      13 |       0 |   0.0
            +---------+---------+-------+---------+---------+-------
